 Dungeon Crawl Stone Soup version 0.31.0-12-g77e489cdc1 (webtiles) character file.

Game seed: 217379707663971681

51 shadowstone the Changeling (level 3, 0/15 HPs)
             Began as an Octopode Shapeshifter on Feb 19, 2024.
             Slain by an adder (3 damage)
             ... on level 3 of the Dungeon.
             The game lasted 00:03:01 (1152 turns).

shadowstone the Changeling (Octopode Shapeshifter)  Turns: 1152, Time: 00:03:02

Health: 0/15       AC:  1    Str: 13    XL:     3   Next: 83%
Magic:  3/3        EV: 17    Int: 12    God:
Gold:   14         SH:  0    Dex: 13    Spells: 2/2 levels left

rFire   . .          .
                       - Unarmed
rCold   . . .        (shield currently unavailable)
rNeg    . . .        (helmet restricted)
rPois   .            (no amulet)
rElec   .            (no ring)
rCorr   .            (no ring)
SInv    .            (no ring)
Will    .....        (no ring)
Stlth   +            (no ring)
HPRegen 0.22/turn    (no ring)
MPRegen 0.08/turn    (no ring)
                     (no ring)

%: no passive effects
@: flux-form, glowing
A: glow, contaminating, reduced hp, almost no armour, amphibious, 8 rings,
camouflage 1, gelatinous body 1, (nimble swimmer 1), tentacles
a: Begin Untransformation


You were on level 3 of the Dungeon.
You were something dangerously unstable.
You visited 1 branch of the dungeon, and saw 3 of its levels.

You collected 14 gold pieces.

Inventory:

Jewellery
 h - a +6 ring of strength
Talismans
 b - a beast talisman
 c - a flux talisman (active)
Scrolls
 e - a scroll of fog {unknown}
 f - a scroll of identify {unknown}
 g - a scroll of enchant weapon {unknown}
 i - a scroll of vulnerability {unknown}
Potions
 a - a potion of lignification
 d - a potion of resistance {unknown}
 j - 2 potions of curing {unknown}


   Skills:
 + Level 1.0 Fighting
 + Level 2.3 Dodging
 + Level 0.2 Stealth
 + Level 3.5 Unarmed Combat
 + Level 3.8 Shapeshifting


You had 2 spell levels left.
You didn't know any spells.
Your spell library contained the following spells:

 Spells                   Type           Power      Damage    Failure   Level
 Ozocubu's Armour         Ice            0%         N/A       69%         3
 Metabolic Englaciation   Hex/Ice        0%         N/A       100%        5
 Sculpt Simulacrum        Ice/Alch       0%         N/A       100%        6


Dungeon Overview and Level Annotations

Branches:
Dungeon (2/15)

Altars:
Nemelex Xobeh


Innate Abilities, Weirdness & Mutations

You are something dangerously unstable.
You glow with magical radiation, making you easy to see and hit.
Foes you strike become dangerously contaminated with magical radiation.
Your maximum health is decreased, since you lack skill for your form.
You are incapable of wielding weapons or throwing items.
You cannot wear most types of armour.
You are amphibious.
You can wear up to eight rings at the same time.
Your skin changes colour to match your surroundings (Stealth+).
Your rubbery body absorbs attacks. (AC +1, EV +1)
((You are camouflaged when in or above water. (Stealth+)))
You have tentacles for arms and can constrict up to eight enemies at once.


Message History

Items here: )) ††.
You start resting.
HP restored.
j - 2 viscous clear potions (gained 1)
Items here: )) ††.
Found a mace.
A rat and 3 orcs come into view.
The rat squeaks loudly.
The orc shouts! x3; You hear a shout!
The orc hits you with a +0 club.
You hear an angry hiss.
You see here a +0 mace.
The orc hits you with a +0 club.
You tentacle-slap the orc but do no damage.
The orc begins to glow.
You grab the orc. You constrict the orc.
An adder comes into view.
The orc hits you with a +0 club.
You tentacle-slap the orc.
The orc glows dangerously bright.
The orc is heavily wounded.
You constrict the orc. The orc closely misses you.
You tentacle-slap the orc but do no damage.
The orc shudders as magic cascades through it!
You kill the orc!
You closely miss the orc. You grab the orc. You squeeze the orc.
The orc is heavily wounded.
You constrict the orc. The orc hits you with a +0 club.
* * * LOW HITPOINT WARNING * * *
You tentacle-slap the orc.
You kill the orc!
The adder completely misses you.
You tentacle-slap the orc but do no damage.
The orc begins to glow.
You grab the orc. You squeeze the orc.
The orc is almost dead.
You constrict the orc.
You kill the orc!
The adder completely misses you.
You tentacle-slap the rat.
The rat begins to glow.
You grab the rat.
The rat is moderately wounded.
You constrict the rat, but do no damage.
The adder bites you.
You die...

♣♣.♣♣♣
♣♣♣♣...♣
♣♣♣♣♣♣.♣♣
♣♣.....♣♣♣♣
♣.♣.♣♣)♣♣
♣♣.♣♣♣♣....♣♣♣
♣♣......♣ ♣.♣♣
♣♣♣♣...♣♣♣
♣.....♣♣♣ ♣.♣♣
♣♣....♣♣♣♣
♣..[..♣ ♣..♣♣
♣♣♣.....♣
♣♣..[♣♣ ♣♣♣.♣
♣♣♣♣... ♣♣♣♣♣
♣♣)♣♣♣ ♣♣♣.
♣Spr.♣ ♣♣
♣...♣♣..♣
♣♣♣♣. ♣.♣♣ .♣♣
♣.... ..♣ .
♣♣♣.. ♣♣♣ ♣o
♣.. .♣ ♣♣. .
♣♣


You could see an adder and a rat (contam).

Vanquished Creatures
  An adder (D:2)
  A ribbon worm (D:2)
  A dart slug (D:1)
  4 orcs (D:3)
  3 ball pythons
  3 endoplasms
  5 goblins
  3 kobolds
  2 quokkas
  2 bats (D:1)
  4 frilled lizards (D:1)
  3 rats
32 creatures vanquished.

Notes
Turn   | Place    | Note
-------+----------+-------------------------------------------
     0 | D:1      | shadowstone the Octopode Shapeshifter began the quest for
                  | the Orb.
     0 | D:1      | Reached XP level 1. HP: 13/13 MP: 1/1
   113 | D:1      | Reached XP level 2. HP: 18/18 MP: 2/2
   839 | D:2      | Found a sparkling altar of Nemelex Xobeh.
   870 | D:2      | Reached XP level 3. HP: 7/23 MP: 3/3
  1027 | D:2      | You fall into a shaft and drop 1 floor!
  1152 | D:3      | Slain by an adder

Illustrated notes

Levels and vault maps discovered:
D:1:      minmay_arrival_plants_in_alcoves, layout_loops_ring
D:2:      layout_basic, serial_shops, nicolae_diamond_shop, basic_altar
D:3:      kb_forest_paths, layout_basic, ebering_ecumenical_altar_sacrificial,
          minmay_door_square

Action                     || total
---------------------------++-------
  Melee: Unarmed           ||    80
         Tentacles         ||    20
         Constrict         ||    26
   Stab: Sleeping          ||     1
 Armour: Skin              ||    33
  Dodge: Dodged            ||    46
   Form: Flux              ||     1
